 Dungeon Crawl Stone Soup version 0.30-a0-772-g5528072125 (webtiles) character file.

Game seed: 1264355190446566462

159368 epen the Deadly Accurate (level 17, -7/182 HPs)
             Began as a Gnoll Wanderer on Feb 12, 2023.
             Was the Champion of Cheibriados.
             Mangled by a salamander
             ... wielding a +4 trident
              (12 damage)
             ... on level 4 of the Snake Pit.
             The game lasted 00:44:06 (24318 turns).

epen the Deadly Accurate (Gnoll Wanderer)          Turns: 24318, Time: 00:44:06

Health: -7/182     AC: 33    Str: 27    XL:     17   Next: 74%
Magic:  14/33      EV: 30    Int: 28    God:    Cheibriados [******]
Gold:   2230       SH: 17    Dex: 39    Spells: 34/40 levels left

rFire   . . .      SeeInvis .      - Unarmed
rCold   + . .      Faith    .    F - +1 buckler of Articulation {rElec Str+3}
rNeg    + . .      Spirit   .    (body armour currently unavailable)
rPois   ∞          Reflect  +    T - +0 helmet {Int+3}
rElec   +          Harm     .    (no cloak)
rCorr   .          Rampage  .    (gloves currently unavailable)
Will    +....                    (boots currently unavailable)
Stlth   +++++++                  p - amulet of reflection
HPRegen 0.50/turn                t - +4 ring of protection
MPRegen 0.23/turn                S - ring of protection from cold

@: statue-form, slowed, studying Throwing, very slow
A: slow and powerful, torment resistance 1, boosted hp, fangs 1, strong nose,
distributed training
a: End Transformation, Renounce Religion, Bend Time, Temporal Distortion,
Slouch, Step From Time


You were on level 4 of the Snake Pit.
You worshipped Cheibriados.
Cheibriados was exalted by your worship.
You were a living statue of rough stone.
You visited 4 branches of the dungeon, and saw 26 of its levels.
You also visited: Ossuary, Gauntlet and Ice Cave.

You collected 2848 gold pieces.
You spent 618 gold pieces at shops.

Inventory:

Hand Weapons
 a - a +0 dagger
 j - a +3 dagger of holy wrath
 s - the +9 trident of Jyrphemm {flame, Fly rF++}
   (You found it on level 3 of the Dungeon)

   rF:        It greatly protects you from fire.
   Fly:       It grants you flight.
 v - the +7 dagger "Vimp" {pain, rN++ Will+++ rCorr Stlth-}
   (You found it on level 4 of the Dungeon)

   rN:        It greatly protects you from negative energy.
   rCorr:     It protects you from acid and corrosion.
   Will:      It greatly increases your willpower.
   Stlth:     It makes you less stealthy.
Missiles
 A - 3 throwing nets (quivered)
Armour
 d - a +2 tower shield of cold resistance
 B - the +1 ring mail of the Eternal Fruit {Int+3 Dex+2 SInv}
   (You found it on level 8 of the Dungeon)

   Int:       It affects your intelligence (+3).
   Dex:       It affects your dexterity (+2).
   SInv:      It lets you see invisible.
 F - the +1 buckler of Articulation (worn) {rElec Str+3}
   (You bought it in a shop on level 6 of the Dungeon)

   Str:       It affects your strength (+3).
   rElec:     It insulates you from electricity.
 J - a +0 pair of boots (melded)
 K - a +1 troll leather armour
 T - a +0 helmet of intelligence (worn)
Jewellery
 e - an amulet of faith
 f - a ring of magical power
 p - an amulet of reflection (around neck)
 t - a +4 ring of protection (left fist)
 D - a ring of poison resistance
 M - a ring of resist corrosion
 R - an amulet of guardian spirit
 S - a ring of protection from cold (right fist)
 U - a ring of magical power
Wands
 w - a wand of acid (26)
 x - a wand of flame (57)
 I - a wand of iceblast (10)
 O - a wand of digging (12)
 Q - a wand of polymorph (10)
 W - a wand of charming (10)
Scrolls
 g - a scroll of amnesia
 i - 3 scrolls of enchant weapon
 r - 8 scrolls of teleportation
 y - a scroll of silence
 z - 3 scrolls of blinking
 G - a scroll of butterflies
 N - a scroll of fear
 V - a scroll of poison
 X - 5 scrolls of identify
 Y - 2 scrolls of fog
 Z - 2 scrolls of enchant armour
Potions
 b - 13 potions of lignification
 c - 12 potions of curing
 h - 7 potions of brilliance
 k - 5 potions of might
 l - 6 potions of flight
 m - 3 potions of ambrosia
 n - 2 potions of berserk rage
 o - 9 potions of heal wounds
 q - 9 potions of attraction
 u - 3 potions of invisibility
 H - 3 potions of mutation
 L - 2 potions of magic
 P - 2 potions of resistance


   Skills:
 + Level 14.7 Fighting
 + Level 12.3 Short Blades
 + Level 12.3 Long Blades
 + Level 12.3 Axes
 + Level 12.3 Maces & Flails
 + Level 12.3 Polearms
 + Level 12.3 Staves
 + Level 12.3 Ranged Weapons
 + Level 16.4 Throwing
 + Level 12.5 Armour
 + Level 12.3 Dodging
 + Level 12.3 Stealth
 + Level 13.1 Shields
 + Level 13.8 Unarmed Combat
 + Level 12.3 Spellcasting
 + Level 10.4 Conjurations
 + Level 10.4 Hexes
 + Level 10.4 Summonings
 + Level 10.4 Necromancy
 + Level 10.4 Translocations
 + Level 10.4 Transmutations
 + Level 10.4 Fire Magic
 + Level 10.4 Ice Magic
 + Level 10.4 Air Magic
 + Level 10.4 Earth Magic
 + Level 10.4 Poison Magic
 + Level 13.3 Invocations
 + Level 12.3 Evocations


You had 34 spell levels left.
You knew the following spells:

 Your Spells              Type           Power      Damage    Failure   Level
a - Statue Form           Tmut/Erth      44%        N/A       8%          6

Your spell library contained the following spells:

 Spells                   Type           Power      Damage    Failure   Level
 Beastly Appendage        Tmut           100%       N/A       1%          1
 Freeze                   Ice            100%       1d10      1%          1
 Kiss of Death            Conj/Necr      100%       2d13      1%          1
 Necrotise                Necr           100%       1d9       1%          1
 Sandblast                Erth           100%       2d20      1%          1
 Shock                    Conj/Air       100%       1d9       1%          1
 Cigotuvi's Dreadful Rot  Necr/Pois/Air  100%       N/A       1%          2
 Ensorcelled Hibernation  Hex/Ice        100%       N/A       1%          2
 Passwall                 Tmut/Erth      55%        N/A       1%          2
 Poisonous Vapours        Pois/Air       100%       N/A       1%          2
 Sublimation of Blood     Necr           66%        N/A       1%          2
 Wereblood                Tmut           66%        N/A       1%          2
 Confusing Touch          Hex            66%        N/A       1%          3
 Frozen Ramparts          Ice            100%       1d16      1%          3
 Hailstorm                Conj/Ice       66%        3d14      1%          3
 Ignite Poison            Fire/Tmut/Pois 66%        N/A       1%          3
 Kindle Blastsparks       Fire/Tloc/Air  100%       2d18      1%          3
 Mephitic Cloud           Conj/Pois/Air  66%        N/A       1%          3
 Portal Projectile        Hex/Tloc       100%       N/A       1%          3
 Spider Form              Tmut/Pois      66%        N/A       1%          3
 Stone Arrow              Conj/Erth      100%       3d13      1%          3
 Swiftness                Air            66%        N/A       1%          3
 Tukima's Dance           Hex            66%        N/A       1%          3
 Vampiric Draining        Necr           66%        2d10      1%          3
 Vhi's Electric Charge    Tloc/Air       100%       N/A       1%          3
 Airstrike                Air            33%        2d(5-21)  1%          4
 Anguish                  Hex/Necr       33%        N/A       1%          4
 Animate Dead             Necr           66%        N/A       1%          4
 Dispel Undead            Necr           66%        3d23      1%          4
 Petrify                  Tmut/Erth      66%        N/A       1%          4
 Summon Lightning Spire   Summ/Air       66%        N/A       1%          4
 Agony                    Necr           66%        N/A       1%          5
 Arcjolt                  Conj/Air       33%        1d43      1%          5
 Blade Hands              Tmut           33%        N/A       1%          5
 Borgnjor's Vile Clutch   Necr/Erth      33%        N/A       1%          5
 Freezing Cloud           Conj/Ice/Air   33%        6-21      1%          5
 Irradiate                Conj/Tmut      33%        3d22      1%          5
 Death Channel            Necr           33%        N/A       8%          6
 Iron Shot                Conj/Erth      33%        9d7       8%          6
 Storm Form               Tmut/Air       33%        N/A       41%         7
 Borgnjor's Revivificati  Necr           33%        N/A       98%         8
 Maxwell's Capacitive Co  Air            33%        ∞         98%         8
 Necromutation            Tmut/Necr      33%        N/A       98%         8
 Death's Door             Necr           33%        N/A       100%        9


Dungeon Overview and Level Annotations

Branches:
Dungeon (15/15)            Temple (0/1) D:4            Lair (5/5) D:11
  Swamp (0/4) Lair:2        Snake (4/4) Lair:2        Slime (0/5) Lair:4
    Orc (2/2) D:11            Elf (0/3) Orc:2        Vaults (0/5) D:14
 Depths (0/4) D:15        Ossuary (visited)           IceCv (visited)
Gauntlet (visited)

Altars:
Cheibriados
Dithmenos
Fedhas
Gozag
Hepliaklqana
Makhleb
Nemelex Xobeh
Okawaru
Qazlal
Sif Muna
Trog
Vehumet
Wu Jian
Yredelemnul

Shops:
D:4 (:   D:6 ?*:(   D:11 =   D:12 :   Orc:2 ![[(:   Snake:2 ?   Snake:3 ?(:

Annotations:
D:12 Kirke


Innate Abilities, Weirdness & Mutations

You are a living statue of rough stone.
Your actions are slow, but your melee attacks are powerful.
You are resistant to unholy torment.
Your maximum health is greatly increased.
You are immune to poison.
Your equipment is partially melded.
You have very sharp teeth.
Your uncanny sense of smell can sniff out nearby items.
Your experience applies equally to all skills.


Message History

You block the naga warrior's attack. The naga warrior constricts you.
Activating: Slouch (0% risk of failure)
Press: ? - help, Dir - look around, f - activate You can feel time thicken for a moment.
You kill the naga warrior!
Cheibriados appreciates the change of pace.
You kill the naga!
Cheibriados thoroughly appreciates the change of pace.
You kill the naga mage!
Cheibriados thoroughly appreciates the change of pace.
The salamander completely misses you. You block the salamander's attack.
You are too injured to fight recklessly!
You are too injured to fight recklessly!
Found a scroll of identify.
You revert to your normal fleshy form.
Your +0 pair of boots unmelds from your body.
You block the salamander's attack. x2
The salamander hits you with a +4 trident.
* * * LOW HITPOINT WARNING * * *
You are engulfed in flames!
* * * LOW HITPOINT WARNING * * *
You block the salamander's attack. x2
You see here a +0 halberd.
You closely miss the salamander.
The salamander is almost dead.
You block the salamander's attack.
You hit the salamander but do no damage.
The salamander is almost dead.
The salamander hits you with a +4 trident!
* * * LOW HITPOINT WARNING * * *
You are engulfed in flames!
* * * LOW HITPOINT WARNING * * *
Casting: Statue Form (dangerous; 8% risk of failure)
Confirm with . or Enter, or press ? or * to list all spells.
You turn into a living statue of rough stone.
Your +0 pair of boots melds into your body.
The salamander hits you with a +4 trident!
* * * LOW HITPOINT WARNING * * *
You are engulfed in flames!
You die...

..?..#. #. ..
.....##. . ..$
.#........
...###.....#..
..........#.#
....†.....#..# .
#.....#..)N...# ..
#......#†8#..# ...
#.......)..).# ....
.........†#..#.....
.........)##)......
.)......#).)).#[.
........†#†#)#.#.
#...........#.##
##...#.......#..
##.....####.....


You could see a salamander.

Vanquished Creatures
  Bai Suzhen (Snake:3)
  Saint Roka (Orc:2)
  Jorgrun (D:12)
  An Ice Fiend (IceCv)
  Mlioglotl (Snake:2)
  Gastronok (Lair:1)
  Roxanne (D:15)
  Nessos (Lair:5)
  Azrael (Orc:1)
  A minotaur (Gauntlet)
  Snorg (D:13)
  Josephine (D:13)
  A fire dragon (D:15)
  An ice dragon (D:15)
  5 ogre magi (Orc:2)
  Erolcha (D:13)
  3 vault guards (D:14)
  5 catoblepae
  7 hydras
  8 naga warriors
  3 centaur warriors
  2 death knights (D:14)
  21 two-headed ogres
  A boulder beetle (D:14)
  10 anacondas
  A tengu warrior (D:15)
  9 death yaks
  4 shock serpents
  Urug (Lair:5)
  11 naga sharpshooters
  A fire crab (Lair:5)
  A skeletal warrior (D:15)
  3 skysharks
  6 sea snakes
  An orange crystal statue (IceCv)
  A naga ritualist (Snake:4)
  2 wizards (D:14)
  An obsidian statue (IceCv)
  A bog body (IceCv)
  A spriggan simulacrum (IceCv)
  A necromancer (D:14)
  A deep elf pyromancer (D:15)
  An orc knight (D:14)
  A phantasmal warrior (D:14)
  2 wolf spiders (Lair:5)
  3 ugly things
  6 mana vipers
  6 salamanders
  4 cyclopes
  5 elephants (Lair:3)
  4 manticores
  8 naga magi
  A guardian serpent (shapeshifter) (D:15)
  17 black mambas
  2 guardian serpents
  A torpor snail (Lair:5)
  An ice statue (Snake:1)
  An eye of devastation (Gauntlet)
  5 gargoyles
  4 efreet
  11 cane toads
  Maggie (D:8)
  2 rime drakes
  8 komodo dragons
  2 unseen horrors
  8 freezing wraiths
  An anaconda simulacrum (IceCv)
  5 ice devils (IceCv)
  A tengu conjurer (D:15)
  5 trolls
  6 polar bears
  9 dream sheep
  22 blink frogs
  5 slime creatures (D:12)
  Sigmund (D:6)
  3 centaur simulacra (Gauntlet)
  3 shadows
  10 wraiths
  6 hogs (D:14)
  59 yaks
  4 fire elementals
  4 basilisks
  17 humans (D:14)
  4 wyverns
  2 fire bats (Lair:2)
  A steam dragon (D:9)
  10 vampire mosquitoes
  3 minotaur simulacra (IceCv)
  4 swamp worms (Lair:2)
  A harpy simulacrum (IceCv)
  32 nagas
  10 water moccasins
  3 wargs
  Edmund (D:6)
  2 acid dragons
  5 hell hounds
  2 floating eyes (Gauntlet)
  2 alligator simulacra (IceCv)
  17 orc warriors
  2 ettin simulacra (IceCv)
  11 black bears
  24 wolves
  30 ogres
  13 centaurs
  A phantom (D:6)
  A kobold brigand (D:8)
  9 bullfrogs
  A gnoll sergeant (D:6)
  2 scorpions
  2 necrophages
  A water moccasin zombie (D:4)
  4 deep troll simulacra (IceCv)
  A water moccasin skeleton (D:4)
  10 wights
  5 killer bees (D:9)
  A lindwurm simulacrum (IceCv)
  5 electric eels
  5 howler monkeys
  2 hounds (D:5)
  A wyvern simulacrum (Gauntlet)
  4 jellies (Lair:4)
  16 orc priests
  Ijyb (D:5)
  A bullfrog skeleton (D:4)
  5 iguanas
  Natasha (twice) (D:4)
  24 orc wizards
  A hound skeleton (D:4)
  A mummy (Ossuary)
  21 gnolls
  12 adders
  2 shadow imps (D:6)
  A white imp (D:7)
  An ufetubus (D:5)
  An adder skeleton (D:4)
  An adder zombie (D:4)
  2 worms
  3 dart slugs
  69 orcs
  8 ball pythons
  6 bats
  11 endoplasms
  A giant cockroach (D:2)
  17 hobgoblins
  7 jackals
  7 kobolds
  4 quokkas
  4 frilled lizards
  6 gnoll skeletons (Ossuary)
  17 goblins
  5 kobold skeletons (Ossuary)
  14 orc skeletons (Ossuary)
  6 rats
902 creatures vanquished.

Vanquished Creatures (others)
  2 naga warriors
  2 nagas
  A centaur (D:9)
  A gnoll (Orc:2)
  20 fungi
  26 plants
  45 withered plants
97 creatures vanquished.

Grand Total: 999 creatures vanquished

Notes
Turn   | Place    | Note
-------+----------+-------------------------------------------
     0 | D:1      | epen the Gnoll Wanderer began the quest for the Orb.
     0 | D:1      | epen set off with the following items: a +0 dagger, a
                  | potion of lignification, 2 potions of curing, a +0 robe, a
                  | +2 buckler.
     0 | D:1      | Reached XP level 1. HP: 26/26 MP: 1/1
   233 | D:1      | Reached XP level 2. HP: 32/33 MP: 2/2
   656 | D:2      | Found a faded altar of an unknown god.
   666 | D:2      | Reached XP level 3. HP: 38/38 MP: 3/3
   765 | D:2      | Reached skill level 1 in Invocations
   915 | D:2      | Reached skill level 1 in Short Blades
   915 | D:2      | Reached skill level 1 in Long Blades
   915 | D:2      | Reached skill level 1 in Axes
   915 | D:2      | Reached skill level 1 in Maces & Flails
   915 | D:2      | Reached skill level 1 in Polearms
   915 | D:2      | Reached skill level 1 in Staves
   915 | D:2      | Reached skill level 1 in Ranged Weapons
   915 | D:2      | Reached skill level 1 in Throwing
   915 | D:2      | Reached skill level 1 in Dodging
   915 | D:2      | Reached skill level 1 in Stealth
   915 | D:2      | Reached skill level 1 in Spellcasting
   915 | D:2      | Reached skill level 1 in Evocations
  1039 | D:2      | Reached XP level 4. HP: 45/45 MP: 5/5
  1209 | D:2      | Found a snail-covered altar of Cheibriados.
  1225 | D:2      | Became a worshipper of Cheibriados the Contemplative
  1327 | D:3      | Reached skill level 1 in Conjurations
  1327 | D:3      | Reached skill level 1 in Hexes
  1327 | D:3      | Reached skill level 1 in Summonings
  1327 | D:3      | Reached skill level 1 in Necromancy
  1327 | D:3      | Reached skill level 1 in Translocations
  1327 | D:3      | Reached skill level 1 in Transmutations
  1327 | D:3      | Reached skill level 1 in Fire Magic
  1327 | D:3      | Reached skill level 1 in Ice Magic
  1327 | D:3      | Reached skill level 1 in Air Magic
  1327 | D:3      | Reached skill level 1 in Earth Magic
  1327 | D:3      | Reached skill level 1 in Poison Magic
  1566 | D:3      | Found an opulent altar of Gozag.
  1568 | D:3      | Identified the +9 trident of Jyrphemm {flame, Fly rF++}
  1690 | D:3      | Found an iron altar of Okawaru.
  1695 | D:3      | Noticed a necrophage
  1703 | D:3      | Killed a necrophage
  1704 | D:3      | Reached XP level 5. HP: 34/51 MP: 5/7
  1714 | D:3      | Reached * piety under Cheibriados
  2227 | D:3      | Reached XP level 6. HP: 57/57 MP: 8/8
  2266 | D:4      | Found a staircase to the Ecumenical Temple.
  2322 | D:4      | Reached skill level 2 in Throwing
  2322 | D:4      | Reached skill level 5 in Shields
  2435 | D:4      | Found Ifaen's Book Shop.
  2569 | D:4      | Found Ufippo's Antique Weapon Boutique.
  2858 | D:4      | Reached XP level 7. HP: 63/63 MP: 10/10
  2865 | D:4      | Reached ** piety under Cheibriados
  3233 | D:4      | Reached skill level 3 in Throwing
  3233 | D:4      | Reached XP level 8. HP: 58/71 MP: 12/12
  3285 | D:4      | Identified the +7 dagger "Vimp" {pain, rN++ Will+++ rCorr
                  | Stlth-}
  3341 | D:5      | Entered Level 5 of the Dungeon
  3366 | D:5      | Found a stormy altar of Qazlal.
  3424 | D:5      | Noticed Ijyb
  3438 | D:4      | Noticed Natasha
  3484 | D:4      | Killed Natasha
  3535 | D:4      | Noticed Natasha
  3540 | D:4      | Killed Natasha
  3589 | D:5      | Reached *** piety under Cheibriados
  3629 | D:5      | Killed Ijyb
  3933 | D:6      | Found Jaith's Magic Scroll Boutique.
  3938 | D:6      | Found a basalt altar of Yredelemnul.
  3996 | D:6      | Found Eropirolej's Antique Weapon Shop.
  4020 | D:6      | Found a sand-covered staircase.
  4028 | Ossuary  | Entered an ossuary
  4028 | Ossuary  | Noticed a wraith
  4028 | Ossuary  | Noticed a wraith
  4028 | Ossuary  | Noticed a wraith
  4078 | Ossuary  | Noticed a wraith
  4088 | Ossuary  | Killed a wraith
  4088 | Ossuary  | Reached **** piety under Cheibriados
  4354 | D:6      | Found Izise's Book Emporium.
  4371 | D:6      | Reached XP level 9. HP: 77/77 MP: 14/14
  4379 | D:6      | Reached skill level 4 in Throwing
  4455 | D:6      | Noticed Sigmund
  4468 | D:6      | Killed Sigmund
  4469 | D:6      | Reached skill level 5 in Armour
  4611 | D:6      | Bought a scroll of teleportation for 33 gold pieces
  4682 | D:6      | Found a sparkling altar of Nemelex Xobeh.
  4849 | D:6      | Noticed Edmund
  4869 | D:6      | Killed Edmund
  5046 | D:6      | Found Lekew's Assorted Antiques.
  5055 | D:6      | Bought an ichor-stained buckler for 209 gold pieces
  5055 | D:6      | Identified the +1 buckler of Articulation {rElec Str+3}
                  | (You bought it in a shop on level 6 of the Dungeon)
  5331 | D:6      | Reached ***** piety under Cheibriados
  5602 | D:7      | Reached skill level 5 in Invocations
  5664 | D:7      | Reached skill level 5 in Throwing
  6597 | D:8      | Noticed Maggie
  6607 | D:8      | Killed Maggie
  6608 | D:8      | Reached skill level 5 in Short Blades
  6608 | D:8      | Reached skill level 5 in Long Blades
  6608 | D:8      | Reached skill level 5 in Axes
  6608 | D:8      | Reached skill level 5 in Maces & Flails
  6608 | D:8      | Reached skill level 5 in Polearms
  6608 | D:8      | Reached skill level 5 in Staves
  6608 | D:8      | Reached skill level 5 in Ranged Weapons
  6608 | D:8      | Reached skill level 5 in Dodging
  6608 | D:8      | Reached skill level 5 in Stealth
  6608 | D:8      | Reached skill level 5 in Spellcasting
  6608 | D:8      | Reached skill level 5 in Evocations
  6608 | D:8      | Reached XP level 10. HP: 80/85 MP: 17/17
  6650 | D:8      | Identified the +1 ring mail of the Eternal Fruit {Int+3
                  | Dex+2 SInv}
  6689 | D:8      | Found a shadowy altar of Dithmenos.
  6765 | D:8      | Reached skill level 10 in Fighting
  6923 | D:9      | Reached skill level 6 in Throwing
  7570 | D:10     | Entered Level 10 of the Dungeon
  7837 | D:10     | Reached ****** piety under Cheibriados
  7972 | D:10     | Found a hazy altar of Hepliaklqana.
  7979 | D:10     | Noticed a two-headed ogre
  7989 | D:10     | Killed a two-headed ogre
  8005 | D:10     | Found a burning altar of Makhleb.
  8023 | D:10     | Found an ornate altar of the Wu Jian Council.
  8026 | D:10     | Found a radiant altar of Vehumet.
  8322 | D:10     | Reached skill level 7 in Throwing
  8343 | D:11     | Reached skill level 5 in Conjurations
  8343 | D:11     | Reached skill level 5 in Hexes
  8343 | D:11     | Reached skill level 5 in Summonings
  8343 | D:11     | Reached skill level 5 in Necromancy
  8343 | D:11     | Reached skill level 5 in Translocations
  8343 | D:11     | Reached skill level 5 in Transmutations
  8343 | D:11     | Reached skill level 5 in Fire Magic
  8343 | D:11     | Reached skill level 5 in Ice Magic
  8343 | D:11     | Reached skill level 5 in Air Magic
  8343 | D:11     | Reached skill level 5 in Earth Magic
  8343 | D:11     | Reached skill level 5 in Poison Magic
  8407 | D:11     | Found a staircase to the Orcish Mines.
  8435 | D:11     | Reached XP level 11. HP: 68/92 MP: 20/20
  8593 | D:11     | Noticed a red ugly thing
  8599 | D:11     | Killed a red ugly thing
  8835 | D:11     | Noticed a two-headed ogre
  8848 | D:11     | Killed a two-headed ogre
  8849 | D:11     | Reached skill level 8 in Throwing
  8906 | D:11     | Found a shimmering blue altar of Sif Muna.
  8980 | D:11     | Found a staircase to the Lair.
  9100 | D:11     | Found Tairr's One-of-a-Kind Rings.
  9218 | Lair:1   | Entered Level 1 of the Lair of Beasts
  9623 | Lair:1   | Noticed Gastronok
  9644 | Lair:1   | Killed Gastronok
  9645 | Lair:1   | Reached skill level 9 in Throwing
  9657 | Lair:1   | Reached XP level 12. HP: 52/100 MP: 22/22
 10133 | Lair:2   | Found a staircase to the Snake Pit.
 10139 | Lair:2   | Reached skill level 10 in Unarmed Combat
 10395 | Lair:2   | Noticed an eight-headed hydra
 10397 | Lair:2   | Reached skill level 10 in Throwing
 10409 | Lair:2   | Killed an eight-headed hydra
 10477 | Lair:2   | Noticed a seven-headed hydra
 10490 | Lair:2   | Killed a seven-headed hydra
 10523 | Lair:2   | Found a staircase to the Swamp.
 11004 | Lair:3   | Noticed a seven-headed hydra
 11014 | Lair:3   | Reached XP level 13. HP: 69/107 MP: 19/25
 11018 | Lair:3   | Reached skill level 11 in Throwing
 11315 | Lair:3   | Reached skill level 10 in Shields
 11840 | Lair:4   | Found a gate leading to a gauntlet.
 11849 | Gauntlet | Entered a Gauntlet
 11849 | Gauntlet | Found a transporter.
 11858 | Gauntlet | Found a transporter.
 11873 | Gauntlet | Found a transporter.
 11877 | Gauntlet | Noticed a balrug
 11878 | Gauntlet | Found a transporter.
 11895 | Gauntlet | Found a transporter.
 11914 | Gauntlet | Found a transporter.
 11916 | Gauntlet | Noticed a blizzard demon
 11924 | Gauntlet | Noticed a green death
 11926 | Gauntlet | Found a transporter.
 11938 | Gauntlet | Found a transporter.
 11950 | Gauntlet | Found a transporter.
 11962 | Gauntlet | Found a transporter.
 11979 | Gauntlet | Found a transporter.
 11979 | Gauntlet | Found a transporter.
 11999 | Gauntlet | Found a transporter.
 12019 | Gauntlet | Found a transporter.
 12041 | Gauntlet | Found a transporter.
 12118 | Gauntlet | Found a transporter.
 12143 | Gauntlet | Found a transporter.
 12145 | Gauntlet | Found a transporter.
 12217 | Gauntlet | a slime creature changed into an ettin
 12217 | Gauntlet | Noticed an ettin (glowing shapeshifter)
 12218 | Gauntlet | an ettin changed into an anaconda
 12233 | Gauntlet | an anaconda changed into a bunyip
 12233 | Gauntlet | Noticed a bunyip (glowing shapeshifter)
 12233 | Gauntlet | a bunyip changed into an ice dragon
 12233 | Gauntlet | Noticed an ice dragon (glowing shapeshifter)
 12234 | Gauntlet | an ice dragon changed into a merfolk
 12259 | Gauntlet | Paralysed by a floating eye for 3 turns
 12314 | Gauntlet | a satyr changed into a great orb of eyes
 12314 | Gauntlet | Noticed a great orb of eyes (glowing shapeshifter)
 12316 | Gauntlet | a great orb of eyes changed into a quicksilver ooze
 12316 | Gauntlet | Noticed a quicksilver ooze (glowing shapeshifter)
 12318 | Gauntlet | a quicksilver ooze changed into an alligator
 12319 | Gauntlet | an alligator changed into a broodmother
 12319 | Gauntlet | Noticed a broodmother (glowing shapeshifter)
 12320 | Gauntlet | a broodmother changed into an anaconda
 12320 | Gauntlet | an anaconda changed into a fire dragon
 12320 | Gauntlet | Noticed a fire dragon (glowing shapeshifter)
 12322 | Gauntlet | a fire dragon changed into a boulder beetle
 12363 | Gauntlet | a human changed into an entropy weaver
 12363 | Gauntlet | Noticed an entropy weaver (glowing shapeshifter)
 12371 | Gauntlet | an entropy weaver changed into a blink frog
 12406 | Gauntlet | Identified the +0 pair of gloves of the Dolphin {-Tele
                  | Rampage rPois Stlth+}
 12423 | Gauntlet | Noticed a minotaur
 12430 | Gauntlet | Killed a minotaur
 12843 | Lair:4   | Reached skill level 12 in Throwing
 12843 | Lair:4   | Reached XP level 14. HP: 107/116 MP: 23/27
 12863 | Lair:4   | Found a staircase to the Slime Pits.
 13073 | Lair:5   | Entered Level 5 of the Lair of Beasts
 13092 | Lair:5   | Reached skill level 10 in Invocations
 13122 | Lair:5   | Noticed Nessos
 13128 | Lair:5   | Killed Nessos
 13309 | Lair:5   | Noticed Urug
 13332 | Lair:5   | Killed Urug
 13806 | Lair:5   | Reached skill level 10 in Armour
 13812 | Lair:5   | HP: 5/116 [rime drake/icy flash freeze (11)]
 14192 | Lair:5   | Reached skill level 13 in Throwing
 14670 | D:12     | Found a blossoming altar of Fedhas.
 14793 | D:12     | Noticed Jorgrun
 14804 | D:12     | Killed Jorgrun
 14805 | D:12     | Reached skill level 10 in Short Blades
 14805 | D:12     | Reached skill level 10 in Long Blades
 14805 | D:12     | Reached skill level 10 in Axes
 14805 | D:12     | Reached skill level 10 in Maces & Flails
 14805 | D:12     | Reached skill level 10 in Polearms
 14805 | D:12     | Reached skill level 10 in Staves
 14805 | D:12     | Reached skill level 10 in Ranged Weapons
 14805 | D:12     | Reached skill level 10 in Dodging
 14805 | D:12     | Reached skill level 10 in Stealth
 14805 | D:12     | Reached skill level 10 in Spellcasting
 14805 | D:12     | Reached skill level 10 in Evocations
 15034 | D:12     | Reached XP level 15. HP: 111/123 MP: 29/29
 15096 | D:12     | Identified the +7 chain mail of Zealous Lucidity {-Tele
                  | Harm MP+9 SInv}
 15164 | D:12     | Found Sunilen's Book Shop.
 15760 | D:13     | Noticed Erolcha
 15767 | D:13     | Killed Erolcha
 15953 | D:13     | Noticed Snorg
 15972 | D:13     | Killed Snorg
 16270 | D:13     | Noticed Josephine
 16288 | D:13     | Killed Josephine
 16478 | D:14     | Noticed Kirke
 17056 | D:14     | Reached skill level 14 in Throwing
 17070 | D:14     | Found a gate to the Vaults.
 17504 | D:15     | Entered Level 15 of the Dungeon
 17729 | D:15     | Identified Roxanne's Quarto of Oromancy
 17729 | D:15     | Noticed Roxanne
 17960 | D:15     | Found a staircase to the Depths.
 18359 | D:15     | Killed Roxanne
 18380 | D:15     | Learned a level 6 spell: Statue Form
 18488 | Orc:1    | Entered Level 1 of the Orcish Mines
 18854 | Orc:2    | Entered Level 2 of the Orcish Mines
 18854 | Orc:2    | Noticed Azrael
 19005 | Orc:1    | Reached XP level 16. HP: 131/131 MP: 25/30
 19046 | Orc:2    | Paralysed by an ogre mage for 3 turns
 19056 | Orc:1    | Killed Azrael
 19251 | Orc:2    | Found Janyepe's Book Boutique.
 19288 | Orc:2    | Noticed Saint Roka
 19303 | Orc:2    | Killed Saint Roka
 19548 | Orc:2    | Paralysed by something for 2 turns
 19559 | Orc:2    | Reached skill level 15 in Throwing
 19577 | Orc:2    | Found Izeny's Weapon Shop.
 19577 | Orc:2    | Found Pepsuu's Antique Armour Emporium.
 19578 | Orc:2    | Found Zopenuff's Armour Emporium.
 19578 | Orc:2    | Found Vidghutea's Distillery.
 19734 | Orc:2    | Bought a potion of heal wounds for 60 gold pieces
 19734 | Orc:2    | Bought a potion of heal wounds for 60 gold pieces
 19883 | Orc:2    | Found a staircase to the Elven Halls.
 20201 | Snake:1  | Entered Level 1 of the Snake Pit
 20314 | Snake:1  | Found a frozen archway.
 20325 | IceCv    | Entered an ice cave
 21356 | IceCv    | Noticed an Ice Fiend
 21383 | IceCv    | Killed an Ice Fiend
 22456 | Snake:2  | Found a bloodstained altar of Trog.
 22462 | Snake:2  | Noticed Mlioglotl
 22481 | Snake:2  | Killed Mlioglotl
 22606 | Snake:2  | Reached XP level 17. HP: 139/139 MP: 29/32
 22917 | Snake:2  | Reached skill level 10 in Conjurations
 22917 | Snake:2  | Reached skill level 10 in Hexes
 22917 | Snake:2  | Reached skill level 10 in Summonings
 22917 | Snake:2  | Reached skill level 10 in Necromancy
 22917 | Snake:2  | Reached skill level 10 in Translocations
 22917 | Snake:2  | Reached skill level 10 in Transmutations
 22917 | Snake:2  | Reached skill level 10 in Fire Magic
 22917 | Snake:2  | Reached skill level 10 in Ice Magic
 22917 | Snake:2  | Reached skill level 10 in Air Magic
 22917 | Snake:2  | Reached skill level 10 in Earth Magic
 22917 | Snake:2  | Reached skill level 10 in Poison Magic
 23173 | Snake:2  | Found Eteumapa's Magic Scroll Shop.
 23358 | Snake:3  | Found Beppousa's Antique Weapon Shop.
 23417 | Snake:3  | Noticed Bai Suzhen
 23429 | Snake:3  | Killed Bai Suzhen
 23434 | Snake:3  | Reached skill level 16 in Throwing
 23664 | Snake:3  | Found Kerye's Book Shop.
 23850 | Snake:3  | Found Hanib's Magic Scroll Boutique.
 23872 | Snake:3  | Bought a scroll of blinking for 142 gold pieces
 23872 | Snake:3  | Bought a scroll of teleportation for 57 gold pieces
 23872 | Snake:3  | Bought a scroll of teleportation for 57 gold pieces
 24223 | Snake:4  | Entered Level 4 of the Snake Pit
 24318 | Snake:4  | HP: 5/182 [salamander/+4 trident (13)]
 24318 | Snake:4  | Mangled by a salamander

Illustrated notes

Levels and vault maps discovered:
D:1:      shiori_arrival_elements, layout_rooms
D:2:      layout_basic, dreamdust_ecumenical_altar_angels_and_demons,
          basic_altar, grunt_ministairs_7
D:3:      layout_loops_ring, okawaru_trees_2,
          nicolae_gozag_cash_rules_everything_around_me, minmay_divided_ellipse
D:4:      layout_basic, minmay_temple_entry_stoned_glass, serial_shops,
          nicolae_shop_crystal, nicolae_lakefront_shop,
          dilly_guarded_unrand_morg
D:5:      layout_rooms, mainiacjoe_overflow_concentric_impassable,
          supply_closet_lemuel, grunt_decor_cap, uniq_ijyb
D:6:      corexii_shantytown, layout_cave_pods, nemelex_diamond_rough_becter,
          kennysheep_mini, enter_ossuary_5, serial_shops, nicolae_shop_stone,
          nicolae_inconvenience_store, nicolae_shop_waterfront,
          nicolae_lakefront_shop, uniq_sigmund, uniq_edmund
D:7:      layout_basic, enter_bailey_5, kennysheep_generic_room_9
D:8:      layout_rooms, general_overflow_altar, uniq_maggie
D:9:      layout_cave_pools
D:10:     layout_stronghold, gammafunk_temple_overflow_forgotten,
          nzn_hepliaklqana_mist_gate
D:11:     layout_roguey, lair_entry_dummy, david_orc_1_choice,
          serial_corexii_hall, corexii_hall_statues_i, chequers_hall_statues_y,
          chequers_hall_statues_corner_a, chequers_hall_statues_corner_a,
          nicolae_shop_unique_rings, minivault_11,
          nicolae_sif_muna_little_library
D:12:     layout_gridville, serial_shops, nicolae_lakefront_shop,
          roderic_lattice_a, fedhas_bush_and_centaur_altar, uniq_jorgrun
D:13:     layout_roguey, uniq_snorg, uniq_josephine, uniq_erolcha
D:14:     layout_rooms, grunt_vaults_entry_tiered, hex_intersection,
          ebering_dispersal_statue_hall, minmay_orc_keep, uniq_kirke
D:15:     grunt_enter_depths_hoard, layout_cave_pools, uniq_roxanne
Lair:1:   layout_regular_city, uniq_gastronok
Lair:2:   layout_gridlike, palyth_hydra_swamp_entry,
          guppyfry_snake_entry_garden, beast_lair_carwin_5, lemuel_fruit_tree
Lair:3:   beast_lair_carwin_large_4, layout_misc_corridors,
          dreamdust_mushroom_princess
Lair:4:   layout_cave_pods, nicolae_slime_entry_field_trip,
          gauntlet_entry_generic, grunt_megastairs_3, infiniplex_staircase_pool
Lair:5:   evilmike_catoblepas_cave, layout_big_grid,
          nicolae_lair_run_with_the_wolves, uniq_urug, uniq_nessos
Snake:1:  layout_basic, portal_ice_cave_entry_ice_statue_one
Snake:2:  nicolae_sea_snake_s, layout_grid_shapes, basic_altar, serial_shops,
          nicolae_shop_hallway_plus, uniq_mlioglotl
Snake:3:  layout_rooms, serial_shops, nicolae_shop_trees,
          nicolae_shop_statue_plus, minmay_shop_star, uniq_bai_suzhen
Snake:4:  johnstein_snake_rune_scales, layout_onion_interference, special_room,
          uniq_aizul
Orc:1:    layout_caves
Orc:2:    st_orc_ogre_mass, layout_diamond_mine, serial_shops,
          nicolae_shop_advertising_works [nicolae_subvault_shop_adworks],
          uniq_azrael, uniq_saint_roka

Skill      XL: |  1  2  3  4  5  6  7  8  9 10 11 12 13 14 15 16 17 |
---------------+----------------------------------------------------+-----
Invocations    | 1 2 3 4 5 6 7 8 9 10 11 12 13 | 13.3
Short Blades   | 1 2 3 5 6 7 8 9 10 11 12 | 12.3
Long Blades    | 1 2 3 5 6 7 8 9 10 11 12 | 12.3
Axes           | 1 2 3 5 6 7 8 9 10 11 12 | 12.3
Maces & Flails | 1 2 3 5 6 7 8 9 10 11 12 | 12.3
Polearms       | 1 2 3 5 6 7 8 9 10 11 12 | 12.3
Staves         | 1 2 3 5 6 7 8 9 10 11 12 | 12.3
Ranged Weapons | 1 2 3 5 6 7 8 9 10 11 12 | 12.3
Throwing       | 1 2 3 5 7 9 10 12 13 14 15 16 | 16.4
Dodging        | 1 2 3 5 6 7 8 9 10 11 12 | 12.3
Stealth        | 1 2 3 5 6 7 8 9 10 11 12 | 12.3
Spellcasting   | 1 2 3 5 6 7 8 9 10 11 12 | 12.3
Evocations     | 1 2 3 5 6 7 8 9 10 11 12 | 12.3
Conjurations   | 1 2 3 4 5 6 7 8 9 10 | 10.4
Hexes          | 1 2 3 4 5 6 7 8 9 10 | 10.4
Summonings     | 1 2 3 4 5 6 7 8 9 10 | 10.4
Necromancy     | 1 2 3 4 5 6 7 8 9 10 | 10.4
Translocations | 1 2 3 4 5 6 7 8 9 10 | 10.4
Transmutations | 1 2 3 4 5 6 7 8 9 10 | 10.4
Fire Magic     | 1 2 3 4 5 6 7 8 9 10 | 10.4
Ice Magic      | 1 2 3 4 5 6 7 8 9 10 | 10.4
Air Magic      | 1 2 3 4 5 6 7 8 9 10 | 10.4
Earth Magic    | 1 2 3 4 5 6 7 8 9 10 | 10.4
Poison Magic   | 1 2 3 4 5 6 7 8 9 10 | 10.4
Armour         | 3 4 5 6 7 8 9 10 11 12 | 12.5
Shields        | 5 6 7 8 9 10 11 12 13 | 13.1
Unarmed Combat | 7 8 9 10 11 12 13 | 13.8
Fighting       | 9 10 11 12 13 14 | 14.7

Action                     |  1- 3 |  4- 6 |  7- 9 | 10-12 | 13-15 | 16-18 || total
---------------------------+-------+-------+-------+-------+-------+-------++-------
  Melee: Unarmed           |    84 |    49 |       |       |    48 |   515 ||   696
         Dagger            |     7 |       |       |       |       |       ||     7
         Bite              |     9 |     8 |    28 |    67 |   197 |    98 ||   407
         Trident           |       |    74 |   320 |   461 |  1062 |       ||  1917
   Cast: Statue Form       |       |       |       |       |     5 |    56 ||    61
 Invoke: Slouch            |       |       |       |     1 |    11 |    10 ||    22
  Evoke: Wand              |       |       |     4 |    22 |    11 |     3 ||    40
    Use: Scroll            |       |     3 |    12 |     7 |    12 |     2 ||    36
         Potion            |       |       |       |     1 |     1 |     5 ||     7
   Stab: Sleeping          |     4 |     8 |    16 |    11 |    19 |     6 ||    64
         Distracted        |       |     1 |       |     7 |     7 |       ||    15
 Armour: Robe              |    17 |    24 |    21 |       |       |       ||    62
         Scale mail        |       |       |    34 |       |       |       ||    34
         Ring mail         |       |       |       |    26 |       |       ||    26
         Troll leather arm |       |       |       |    59 |   133 |       ||   192
         Skin              |       |       |       |       |    13 |   207 ||   220
  Dodge: Dodged            |    29 |    52 |   133 |   290 |   701 |   861 ||  2066
  Block: Buckler           |    38 |    44 |   119 |   323 |   765 |   762 ||  2051
         Reflection        |       |       |       |       |    31 |    56 ||    87
         Other             |       |       |       |       |     6 |       ||     6

Table legend: (Time is in decaauts)
 A = Elapsed time spent in this place.
 B = Non-inter-level travel time spent in this place.
 C = Inter-level travel time spent in this place.
 D = Time resting spent in this place.
 E = Time spent auto-exploring this place.
 F = Levels seen in this place.
 G = Mean time per level.
                   A        B        C        D        E       F      G
               +--------+--------+--------+--------+--------+-----+--------+
         Total |  38909 |  36862 |   2047 |   2692 |  25414 |  29 | 1341.7 |
       Dungeon |  19470 |  18122 |   1348 |    716 |  13560 |  15 | 1298.0 |
          Lair |   8101 |   7692 |    409 |    362 |   5590 |   5 | 1620.2 |
     Snake Pit |   5104 |   4962 |    142 |      0 |   3768 |   4 | 1276.0 |
  Orcish Mines |   2665 |   2518 |    147 |    524 |   1448 |   2 | 1332.5 |
       Ossuary |    344 |    344 |      0 |      0 |    210 |   1 |  344.0 |
      Ice Cave |   2113 |   2113 |      0 |   1083 |    241 |   1 | 2113.0 |
      Gauntlet |   1108 |   1108 |      0 |      6 |    596 |   1 | 1108.0 |
               +--------+--------+--------+--------+--------+-----+--------+

Top non-repeatable levels by time:
  Lair:5: 2291 daAuts
   IceCv: 2113 daAuts
     D:6: 2096 daAuts
    D:12: 1997 daAuts
    D:11: 1873 daAuts
  Lair:2: 1770 daAuts
 Snake:2: 1701 daAuts
 Snake:3: 1668 daAuts
     D:7: 1658 daAuts
    D:14: 1633 daAuts
     D:4: 1588 daAuts
 Snake:1: 1577 daAuts
  Lair:4: 1515 daAuts
  Lair:1: 1432 daAuts
   Orc:2: 1333 daAuts
